 Dungeon Crawl Stone Soup version 0.32-a0-558-g233958a4c4 (webtiles) character file.

Game seed: 3673708928886122398

113838 Sobieck the Earth Mage (level 16, -1/126 HPs)
             Began as a Mountain Dwarf Earth Elementalist on Feb 29, 2024.
             Was the Champion of Vehumet.
             Constricted to death by a naga ritualist (2 damage)
             ... on level 1 of the Snake Pit.
             The game lasted 01:24:26 (25960 turns).

Sobieck the Earth Mage (MDEE)                      Turns: 25960, Time: 01:24:26

Health: -1/126     AC: 29    Str: 15    XL:     16   Next: 15%
Magic:  36/42      EV: -3    Int: 32    God:    Vehumet [******]
Gold:   1342       SH:  5    Dex: 10    Spells: 14/41 levels left

rFire   + + .        x - staff of Strategic Superiority {Int+4 Conj Earth}
rCold   + . .        l - +0 buckler
rNeg    + + .        i - +6 plate armour of Guusmapa {rF+ Int+4}
rPois   +            v - +1 helmet {SInv}
rElec   +            H - +0 cloak {Will+}
rCorr   +            N - +0 pair of gloves
SInv    +            h - +0 pair of boots
Will    +++..        P - amulet of Vitality {Regen++ RegenMP++} Stlth
                     c - ring of Voesaudoh {rN+ MP+9 Str+4}
HPRegen 2.01/turn    C - ring of the Rose {rN+ Will+ rCorr Slay+2}
MPRegen 1.08/turn

%: no passive effects
@: lethally poisoned (-1 -> -1), resistant, slowed, constricted, very slow
A: runic magic, artefact enchanting
a: Renounce Religion


You were on level 1 of the Snake Pit.
You worshipped Vehumet.
Vehumet was exalted by your worship.
You visited 5 branches of the dungeon, and saw 24 of its levels.
You also visited: Ossuary and Ice Cave.

You collected 3516 gold pieces.
You spent 2174 gold pieces at shops.

Inventory:

Hand Weapons
 m - the +8 war axe of the Fulmar {freeze, rPois Will++ Str+3}
   (You found it on level 14 of the Dungeon)

   Str+3:     It affects your strength (+3).
   rPois:     It protects you from poison Will++: It greatly increases your
   willpower.
 M - a +1 demon whip of venom
Missiles
 Z - a throwing net
Armour
 h - a +0 pair of boots (worn)
 i - the +6 plate armour of Guusmapa (worn) {rF+ Int+4}
   (You bought it in a shop on level 2 of the Orcish Mines)

   Int+4:     It affects your intelligence (+4).
   rF+:       It protects you from fire.
 l - a +0 buckler (worn)
 r - a +2 kite shield of cold resistance
 v - a +1 helmet of see invisible (worn)
 H - a +0 cloak of willpower (worn)
 N - a +0 pair of gloves (worn)
Magical Staves
 x - the staff of Strategic Superiority (weapon) {Int+4 Conj Earth}
   (You acquired it on level 1 of the Lair of Beasts)

   [staff of conjuration]

   Base accuracy: +5 Base damage: 5 Base attack delay: 1.2 This weapon's minimum
   attack delay (0.6) is reached at skill level 12.
   Int+4:     It affects your intelligence (+4).
   Conj:      It increases the power of your Conjurations spells.
   Earth:     It increases the power of your Earth spells.
   It falls into the 'Staves' category.
   It is a one-handed weapon.
Jewellery
 c - the ring of Voesaudoh (left hand) {rN+ MP+9 Str+4}
   (You bought it in a shop on level 1 of the Orcish Mines)

   [ring of magical power]

   Str+4:     It affects your strength (+4).
   rN+:       It protects you from negative energy.
   MP+9:      It affects your magic capacity (+9).
 o - a ring of poison resistance
 p - an amulet of guardian spirit
 t - a +5 ring of evasion
 y - a +4 ring of slaying
 C - the ring of the Rose (right hand) {rN+ Will+ rCorr Slay+2}
   (You took it off a centaur on level 8 of the Dungeon)

   [ring of resist corrosion]

   Slay+2:    It affects your accuracy & damage with ranged weapons and melee
   (+2).
   rN+:       It protects you from negative energy.
   Will+:     It increases your willpower.
   rCorr:     It protects you from acid and corrosion.
 J - a ring of flight
 O - a ring of magical power
 P - the amulet of Vitality (around neck) {Regen++ RegenMP++}
   (You found it on level 11 of the Dungeon)

   [amulet of nothing]

   Regen++:   It increases your rate of health regeneration.
   RegenMP++: It increases your rate of magic regeneration.
Wands
 e - a wand of roots (11)
 B - a wand of mindburst (20)
 D - a wand of digging (5)
 E - a wand of charming (3)
 I - a wand of light (15)
 V - a wand of flame (18)
Scrolls
 a - 3 scrolls of blinking
 b - 2 scrolls of poison
 d - 3 scrolls of noise
 g - 2 scrolls of amnesia
 j - 4 scrolls of fear
 s - a scroll of vulnerability
 w - a scroll of butterflies
 z - 2 scrolls of revelation
 A - a scroll of brand weapon
 F - a scroll of immolation
 L - a scroll of enchant weapon
 R - 4 scrolls of identify
 T - 4 scrolls of teleportation
 X - 3 scrolls of torment
Potions
 f - 3 potions of mutation
 k - a potion of berserk rage
 n - a potion of enlightenment
 q - a potion of resistance
 u - 2 potions of lignification
 G - 2 potions of attraction
 Q - 2 potions of curing
 S - 4 potions of might
 W - 2 potions of cancellation
Miscellaneous
 K - a phantom mirror
 U - a phial of floods


   Skills:
 + Level 7.2 Fighting
 - Level 14.0 Armour
 - Level 1.3 Dodging
 - Level 1.4 Stealth
 + Level 7.4 Shields
 - Level 13.0 Spellcasting
 + Level 2.8 Conjurations
 * Level 9.0 Fire Magic
 - Level 20.0 Earth Magic


You had 14 spell levels left.
You knew the following spells:

 Your Spells              Type           Power      Damage    Failure   Level
a - Sandblast             Erth           100%       2d20      0%          1
b - Stone Arrow           Conj/Erth      100%       3d13      1%          3
c - Lee's Rapid Deconstr  Erth           61%        3d28*     1%          5
d - Animate Armour        Summ/Erth      100%       N/A       1%          4
e - Bombard               Conj/Erth      59%        9d10      2%          6
f - Passwall              Erth           100%       N/A       0%          3
g - Fireball              Conj/Fire      36%        3d15      4%          5

Your spell library contained the following spells:

 Spells                   Type           Power      Damage    Failure   Level
 Shock                    Conj/Air       100%       1d9       1%          1
 Sting                    Conj/Alch      100%       1d9       1%          1
 Static Discharge         Conj/Air       90%        3-7/arc   1%          2
 Inner Flame              Hex/Fire       49%        N/A       1%          3
 Brom's Barrelling Bould  Conj/Erth      100%       2d11      1%          4
 Petrify                  Alch/Erth      91%        N/A       1%          4
 Mercury Vapours          Alch/Air       40%        N/A       2%          2
 Dazzling Flash           Conj/Hex       90%        N/A       3%          3
 Hailstorm                Conj/Ice       45%        3d10      3%          3
 Mephitic Cloud           Conj/Alch/Air  40%        N/A       3%          3
 Necrotise                Necr           80%        1d8       6%          1
 Summon Small Mammal      Summ           80%        N/A       6%          1
 Cigotuvi's Dreadful Rot  Necr/Alch/Air  40%        N/A       10%         2
 Lesser Beckoning         Tloc           40%        N/A       10%         2
 Sublimation of Blood     Necr           20%        N/A       10%         2
 Summon Blazeheart Golem  Fire/Summ      49%        N/A       10%         4
 Iskenderun's Battlesphe  Conj           56%        2d11      14%         5
 Airstrike                Air            10%        2d(2-18)  16%         4
 Olgreb's Toxic Radiance  Alch           20%        N/A       16%         4
 Call Canine Familiar     Summ           20%        N/A       19%         3
 Gell's Gravitas          Tloc           20%        N/A       19%         3
 Summon Ice Beast         Ice/Summ       20%        N/A       19%         3
 Swiftness                Air            20%        N/A       19%         3
 Teleport Other           Tloc           20%        N/A       19%         3
 Vampiric Draining        Necr           20%        2d7       19%         3
 Irradiate                Conj/Alch      22%        3d19      24%         5
 Dispel Undead            Necr           20%        3d11      52%         4
 Martyr's Knell           Necr/Summ      20%        N/A       52%         4
 Summon Lightning Spire   Summ/Air       20%        N/A       52%         4
 Curse of Agony           Necr           20%        N/A       86%         5
 Silence                  Hex/Air        10%        N/A       86%         5
 Ignition                 Fire           34%        3d10      91%         8
 Spellforged Servitor     Conj/Summ      22%        N/A       99%         7
 Death Channel            Necr           10%        N/A       100%        6
 Sculpt Simulacrum        Ice/Alch       10%        N/A       100%        6
 Ozocubu's Refrigeration  Ice            10%        4d9       100%        7
 Polar Vortex             Ice            10%        12d1*     100%        9


Dungeon Overview and Level Annotations

Branches:
Dungeon (15/15)            Temple (1/1) D:6            Lair (5/5) D:11
  Swamp (0/4) Lair:2        Snake (1/4) Lair:2        Slime (0/5) Lair:5
    Orc (2/2) D:10            Elf (0/3) Orc:2        Vaults (0/5) D:13
 Depths (0/4) D:15        Ossuary (visited)           IceCv (visited)

Altars:
Ashenzari
Cheibriados
Dithmenos
Elyvilon
Fedhas
Gozag
Hepliaklqana
Kikubaaqudgha
Makhleb
Nemelex Xobeh
Okawaru
Qazlal
Ru
Sif Muna
Trog
Uskayaw
Vehumet
Wu Jian
Xom
Yredelemnul
Zin
The Shining One
Beogh
Lugonu

Shops:
D:6 [   D:9 (   Orc:1 =(   Orc:2 ([*==

Portals:
Abyss: Lair:5
Trove: D:10 (give horn of Geryon)

Annotations:
D:2 Sigmund
D:6 1 runed translucent door, Crazy Yiuf
D:8 1 runed translucent door, zenocrate's ghost, novice FeSh
D:10 3 runed translucent doors, Dittersdorf's ghost, journeyman GrFi
D:12 4 transporters


Innate Abilities, Weirdness & Mutations

Your spellcasting is much less encumbered by armour.
You can use scrolls of enchantment on lesser artefacts.


Message History

Unknown command.
Unknown command.
You feel very sick.
The shock serpent bites you but does no damage.
Unknown command.
Casting: Bombard (dangerous; 2% risk of failure)
Confirm with . or Enter, or press ? or * to list all spells.
You feel a surge of power!
You feel very sick.
The naga mage no longer looks unusually strong.
The shock serpent bites you but does no damage.
The shock serpent shoots out a bolt of lightning at you!
The bolt of electricity hits you!!
* * * LOW HITPOINT WARNING * * *
You feel protected.
You feel very sick.
The shock serpent shoots out a bolt of lightning at you!
The bolt of electricity hits you. You resist.
* * * LOW HITPOINT WARNING * * *
The shock serpent bites you!
* * * LOW HITPOINT WARNING * * *
The shock serpent shocks you. You resist.
* * * LOW HITPOINT WARNING * * *
A naga mage comes into view. It is wielding a +3 halberd.
Unknown command.
Unknown command.
You feel sick.
The shock serpent attacks as it pursues you!
The shock serpent bites you.
* * * LOW HITPOINT WARNING * * *
The shock serpent shocks you. You resist.
* * * LOW HITPOINT WARNING * * *
The shock serpent bites you but does no damage.
The shock serpent bites you!
* * * LOW HITPOINT WARNING * * *
The shock serpent shocks you. You resist.
* * * LOW HITPOINT WARNING * * *
Unknown command.
Unknown command.
Okay, then.
Blink to where?
Press: ? - help, Dir - move target
As you read the scroll of blinking, it crumbles to dust.
You feel sick.
The naga ritualist hits you but does no damage.
The naga ritualist grabs you. The naga ritualist constricts you.
The naga ritualist hits you with a +0 trident.
* * * LOW HITPOINT WARNING * * *
The naga ritualist constricts you.
You die...

..# #### .. ..##..## ... ...
......# #.... ...
##.....##..... ..#
#.......)....
#.##.SS......S.. .
...####...##........# ..
#........#.##S<....# .#
..........#@#†..#..####.## .
.#.........#N##N...#.....##.
#..........##SN.§S..........
#.=.......##)###[†........#
........S##N###...S.>.....##
.......§##.###..............
.......[.N.# #.............#
......####.# #............##
..#### #.# #............#


You could see a naga ritualist, a shock serpent (ally target), a black mamba, a
naga and a friendly animated plate armour (summoned).

Vanquished Creatures
  3 orc warlords (Orc:2)
  Nessos (D:12)
  A white draconian (IceCv)
  2 hydras
  Erolcha (D:11)
  A catoblepas (D:15)
  4 centaur warriors
  3 boulder beetles
  3 two-headed ogres
  A tengu warrior (D:11)
  2 orc high priests (Orc:2)
  2 thrashing horrors (Lair:5)
  9 death yaks
  A shock serpent (Snake:1)
  A naga warrior (Snake:1)
  Urug (Lair:2)
  A naga sharpshooter (Snake:1)
  3 skysharks
  Amaemon (D:10)
  2 spriggan druids (Lair:2)
  13 skeletal warriors
  An arcanist (D:15)
  A mana viper (shapeshifter) (Lair:5)
  3 mana vipers (Snake:1)
  Pikel (D:5)
  3 orc sorcerers (Orc:2)
  12 ugly things
  2 cyclopes
  2 deep elf pyromancers (D:15)
  Maurice (D:11)
  3 manticores
  3 large abominations (Lair:5)
  A meliai (shapeshifter) (Lair:5)
  8 elephants (Lair:5)
  8 black mambas
  A gargoyle (D:10)
  2 ice statues (IceCv)
  2 smoke demons (Lair:5)
  A black mamba (shapeshifter) (Lair:5)
  13 cane toads
  An orange demon (D:10)
  A rime drake (shapeshifter) (D:13)
  7 rime drakes
  11 komodo dragons
  2 yaktaurs
  6 trolls
  A hornet (Lair:2)
  A polar bear (shapeshifter) (Lair:5)
  Grinder (D:5)
  24 blink frogs
  2 raiju (Lair:5)
  46 yaks
  8 slime creatures
  3 spriggans (Lair:5)
  2 wraiths
  2 wyverns
  Eustachio (D:6)
  8 basilisks
  5 wargs
  A redback simulacrum (D:14)
  3 steam dragons
  9 vampire mosquitoes
  A chaos spawn (Lair:5)
  Menkaure (D:6)
  5 nagas
  3 acid dragons (D:9)
  Edmund (D:6)
  18 water moccasins
  29 orc warriors
  A black bear (D:4)
  3 ice beasts
  2 laughing skulls (D:15)
  11 small abominations (Lair:5)
  5 boggarts (D:15)
  3 centaurs
  6 wolves (Lair:4)
  9 ogres
  A phantom (D:3)
  5 kobold brigands
  Blork the orc (D:5)
  11 bullfrogs
  4 gnoll sergeants
  6 scorpions
  13 wights
  A lindwurm simulacrum (IceCv)
  6 killer bees (D:7)
  5 howler monkeys
  6 komodo dragon simulacra (IceCv)
  A hound (D:7)
  5 jellies
  17 orc priests
  4 bombardier beetles
  A human zombie (Ossuary)
  3 sleepcaps
  3 gnoll boudas
  7 iguanas
  31 orc wizards
  A howler monkey zombie (Ossuary)
  2 mummies (Ossuary)
  16 gnolls
  6 adders
  5 acid dragon simulacra (IceCv)
  A shadow imp (D:6)
  6 steam dragon simulacra (IceCv)
  4 ufetubi (D:6)
  2 ribbon worms (D:3)
  A dart slug (D:3)
  92 orcs
  5 ball pythons
  17 endoplasms
  5 giant cockroaches
  4 goblins
  9 hobgoblins
  3 jackals (D:2)
  5 quokkas
  4 bats
  2 frilled lizards
  22 kobolds
  A kobold zombie (Ossuary)
  8 rats
719 creatures vanquished.

Vanquished Creatures (collateral kills)
  A dire elephant (D:15)
  A vault guard (D:13)
  An anaconda (Snake:1)
  2 boulder beetles
  A two-headed ogre (D:13)
  3 death yaks
  2 orc high priests (Orc:2)
  A skeletal warrior (D:15)
  3 orc sorcerers (Orc:2)
  A wolf spider (D:15)
  3 orc knights (Orc:2)
  A manticore (D:14)
  3 ugly things
  3 cyclopes
  A black mamba (Snake:1)
  An elephant (Lair:5)
  2 efreet
  A troll (D:13)
  12 slime creatures
  A shadow (D:13)
  A vampire mosquito (D:15)
  A naga (Snake:1)
  7 orc warriors (Orc:2)
  An ogre (Orc:1)
  3 centaurs (D:13)
  A lindwurm simulacrum (IceCv)
  2 komodo dragon simulacra (IceCv)
  7 orc priests (Orc:2)
  10 orc wizards
  16 orcs
93 creatures vanquished.

Vanquished Creatures (others)
  An orc priest (Orc:2)
  An orc (Orc:2)
2 creatures vanquished.

Grand Total: 814 creatures vanquished

Notes
Turn   | Place    | Note
-------+----------+-------------------------------------------
     0 | D:1      | Sobieck the Mountain Dwarf Earth Elementalist began the
                  | quest for the Orb.
     0 | D:1      | Reached XP level 1. HP: 14/14 MP: 3/3
   245 | D:1      | Reached XP level 2. HP: 20/20 MP: 3/5
   629 | D:1      | Reached skill level 4 in Earth Magic
   824 | D:1      | Reached XP level 3. HP: 26/26 MP: 4/6
   828 | D:1      | Learned a level 3 spell: Stone Arrow
  1277 | D:2      | You fall into a shaft and drop 2 floors!
  1408 | D:2      | Reached skill level 1 in Armour
  1731 | D:2      | Noticed Sigmund
  1951 | D:3      | Reached XP level 4. HP: 33/33 MP: 5/7
  2467 | D:3      | Reached skill level 5 in Earth Magic
  2555 | D:4      | Noticed a phantom
  2619 | D:3      | Killed a phantom
  2620 | D:3      | Reached XP level 5. HP: 16/38 MP: 4/9
  2739 | D:4      | Reached skill level 3 in Spellcasting
  2745 | D:4      | Reached XP level 6. HP: 45/45 MP: 2/10
  2830 | D:4      | Found a burning altar of Makhleb.
  2894 | D:4      | Reached skill level 6 in Earth Magic
  3021 | D:3      | Reached skill level 3 in Armour
  3203 | D:4      | Found a bloodstained altar of Trog.
  3267 | D:4      | Found a blossoming altar of Fedhas.
  3272 | D:4      | Reached XP level 7. HP: 45/50 MP: 5/12
  3603 | D:4      | Reached skill level 7 in Earth Magic
  3765 | D:5      | Entered Level 5 of the Dungeon
  3822 | D:5      | Identified the +3 leather armour of the Pleiades {Str+4}
  4022 | D:5      | Learned a level 5 spell: Lee's Rapid Deconstruction
  4294 | D:5      | Reached skill level 8 in Earth Magic
  4294 | D:5      | Reached XP level 8. HP: 57/57 MP: 11/14
  4797 | D:5      | Noticed Grinder
  4798 | D:5      | Paralysed by Grinder for 4 turns
  4822 | D:5      | Killed Grinder
  4823 | D:5      | Reached skill level 9 in Earth Magic
  4976 | D:5      | Noticed Pikel
  5305 | D:5      | Killed Pikel
  5306 | D:5      | Reached skill level 6 in Armour
  5306 | D:5      | Reached XP level 9. HP: 59/62 MP: 7/16
  5370 | D:5      | Noticed Blork the orc
  5373 | D:5      | Killed Blork the orc
  5374 | D:5      | Reached skill level 10 in Earth Magic
  5563 | D:6      | Found a staircase to the Ecumenical Temple.
  5569 | Temple   | Entered the Ecumenical Temple
  5945 | D:6      | Found Rurapp's Armour Shop.
  5950 | D:6      | Bought a +0 helmet of see invisible for 138 gold pieces
  5987 | D:6      | Noticed Eustachio
  5991 | D:6      | Killed Eustachio
  6102 | D:6      | Found a blossoming altar of Fedhas.
  6320 | D:6      | Noticed Edmund
  6445 | D:6      | Killed Edmund
  6646 | D:6      | Noticed Menkaure
  6651 | D:6      | Killed Menkaure
  6773 | D:6      | Found a runed translucent door.
  6774 | D:6      | Noticed Crazy Yiuf
  6917 | D:7      | Identified the +3 halberd of No Interval {antimagic, *Slow
                  | rC++ rCorr}
  7044 | D:7      | Reached skill level 11 in Earth Magic
  7052 | D:7      | Reached skill level 6 in Spellcasting
  7270 | D:7      | Found a sand-covered staircase.
  7279 | Ossuary  | Entered an ossuary
  7279 | Ossuary  | Found a huge runed translucent gate.
  7279 | Ossuary  | Found a huge runed translucent gate.
  7279 | Ossuary  | Found a huge runed translucent gate.
  7279 | Ossuary  | Found a huge runed translucent gate.
  7279 | Ossuary  | Found a huge runed translucent gate.
  7279 | Ossuary  | Found a huge runed translucent gate.
  7279 | Ossuary  | Found a huge runed translucent gate.
  7279 | Ossuary  | Found a huge runed translucent gate.
  7280 | Ossuary  | Found a huge runed translucent gate.
  7280 | Ossuary  | Found a huge runed translucent gate.
  7280 | Ossuary  | Found a huge runed translucent gate.
  7281 | Ossuary  | Found a huge runed translucent gate.
  7281 | Ossuary  | Found a huge runed translucent gate.
  7283 | Ossuary  | Found a huge runed translucent gate.
  7283 | Ossuary  | Found a huge runed translucent gate.
  7324 | Ossuary  | Found a huge runed translucent gate.
  7324 | Ossuary  | Found a huge runed translucent gate.
  7324 | Ossuary  | Found a huge runed translucent gate.
  7324 | Ossuary  | Found a huge runed translucent gate.
  7324 | Ossuary  | Found a huge runed translucent gate.
  7325 | Ossuary  | Found a huge runed translucent gate.
  7325 | Ossuary  | Found a huge runed translucent gate.
  7327 | Ossuary  | Found a huge runed translucent gate.
  7327 | Ossuary  | Found a huge runed translucent gate.
  7328 | Ossuary  | Found a huge runed translucent gate.
  7328 | Ossuary  | Found a huge runed translucent gate.
  7329 | Ossuary  | Found a huge runed translucent gate.
  7329 | Ossuary  | Found a huge runed translucent gate.
  7354 | Ossuary  | Found a huge runed translucent gate.
  7354 | Ossuary  | Found a huge runed translucent gate.
  7355 | Ossuary  | Found a huge runed translucent gate.
  7355 | Ossuary  | Found a huge runed translucent gate.
  7355 | Ossuary  | Found a huge runed translucent gate.
  7355 | Ossuary  | Found a huge runed translucent gate.
  7355 | Ossuary  | Found a huge runed translucent gate.
  7404 | D:7      | Reached XP level 10. HP: 64/69 MP: 17/19
  7960 | D:7      | Reached skill level 12 in Earth Magic
  8727 | D:8      | Identified the ring of the Rose {rN+ Will+ rCorr Slay+2}
  8924 | D:8      | Found a runed translucent door.
  8925 | D:8      | Noticed zenocrate's ghost (novice FeSh)
  9116 | D:9      | Found Nuamn's Weapon Emporium.
  9634 | D:9      | Found an opulent altar of Gozag.
  9634 | D:9      | Found a glowing golden altar of the Shining One.
  9692 | D:9      | Identified 2 scrolls of acquirement
  9692 | D:9      | Acquired 533 gold pieces
  9694 | D:9      | Acquired a staff of earth
  9726 | D:10     | Entered Level 10 of the Dungeon
  9891 | D:10     | Noticed a gargoyle
  9898 | D:10     | Killed a gargoyle
  9899 | D:10     | Reached skill level 13 in Earth Magic
 10022 | D:10     | Found a portal to a secret trove of treasure.
 10224 | D:10     | Found a shimmering blue altar of Sif Muna.
 10227 | D:10     | Found a sparkling altar of Nemelex Xobeh.
 10230 | D:10     | Found a radiant altar of Vehumet.
 10234 | D:10     | Became a worshipper of Vehumet
 10260 | D:10     | Reached skill level 9 in Armour
 10341 | D:10     | Found a runed translucent gate.
 10341 | D:10     | Noticed Dittersdorf's ghost (journeyman GrFi)
 10342 | D:10     | Found a runed translucent gate.
 10343 | D:10     | Found a runed translucent gate.
 10346 | D:10     | Identified the +2 plate armour of the Unbearable God
                  | {Rampage rElec rPois Dex+3}
 10473 | D:10     | Noticed a two-headed ogre
 10484 | D:10     | Killed a two-headed ogre
 10562 | D:10     | Noticed Amaemon
 10571 | D:10     | Killed Amaemon
 10572 | D:10     | Reached XP level 11. HP: 55/74 MP: 4/22
 10884 | D:10     | Found a staircase to the Orcish Mines.
 11244 | D:10     | Reached skill level 14 in Earth Magic
 11365 | D:10     | Identified the +0 robe of the Skiapode {rPois Will- SInv
                  | Stlth+}
 11366 | D:10     | Found a roughly hewn altar of Beogh.
 11408 | D:11     | Noticed a boulder beetle
 11428 | D:11     | Killed a boulder beetle
 11684 | D:11     | Found the amulet of Vitality {Regen++ RegenMP++}
 11696 | D:11     | Reached * piety under Vehumet
 11696 | D:11     | Offered knowledge of Freeze by Vehumet.
 11744 | D:11     | Noticed a two-headed ogre
 11754 | D:11     | Killed a two-headed ogre
 11760 | D:11     | Learned a level 4 spell: Animate Armour
 11916 | D:11     | Noticed Erolcha
 11918 | D:11     | Killed Erolcha
 11996 | D:11     | Noticed Maurice
 12002 | D:11     | Killed Maurice
 12274 | D:11     | Noticed a two-headed ogre
 12274 | D:11     | Noticed a tengu warrior
 12279 | D:11     | Killed a two-headed ogre
 12280 | D:11     | Killed a tengu warrior
 12281 | D:11     | Reached skill level 15 in Earth Magic
 12466 | D:11     | Found a roughly hewn altar of Beogh.
 12529 | D:11     | Offered knowledge of Foxfire by Vehumet.
 12533 | D:11     | Reached ** piety under Vehumet
 12769 | D:11     | Found a staircase to the Lair.
 13031 | D:12     | Noticed a boulder beetle
 13051 | D:12     | Killed a boulder beetle
 13052 | D:12     | Reached XP level 12. HP: 46/81 MP: 24/24
 13356 | D:12     | Found a transporter.
 13357 | D:12     | Found a transporter.
 13361 | D:12     | Found a transporter.
 13839 | D:12     | Reached skill level 16 in Earth Magic
 13841 | D:12     | Offered knowledge of Scorch by Vehumet.
 13846 | D:12     | Reached skill level 9 in Spellcasting
 13849 | D:12     | Found a transporter.
 14154 | D:12     | Noticed Nessos
 14168 | D:12     | HP: 4/81 [poisoned by Nessos]
 14185 | D:12     | Your ally Nessos died
 14422 | Lair:1   | Entered Level 1 of the Lair of Beasts
 14566 | Lair:1   | Reached *** piety under Vehumet
 14969 | Lair:1   | Acquired the staff of Strategic Superiority {Int+4 Conj
                  | Earth}
 15761 | Lair:1   | HP: 4/81 [yak (5)]
 15893 | Lair:1   | Offered knowledge of Volatile Blastmotes by Vehumet.
 16199 | Lair:2   | Reached skill level 17 in Earth Magic
 16339 | Lair:2   | Reached skill level 12 in Armour
 16474 | Lair:2   | Noticed Urug
 16500 | Lair:2   | Killed Urug
 16653 | Lair:2   | Reached XP level 13. HP: 86/86 MP: 21/26
 16699 | Lair:2   | Found a staircase to the Snake Pit.
 17184 | Lair:2   | Found a staircase to the Swamp.
 17652 | Lair:3   | Reached **** piety under Vehumet
 17656 | Lair:3   | Found a frozen archway.
 17671 | IceCv    | Entered an ice cave
 17709 | IceCv    | Offered knowledge of Olgreb's Toxic Radiance by Vehumet.
 17964 | IceCv    | Noticed a white draconian
 17971 | IceCv    | Killed a white draconian
 18290 | Lair:3   | Reached skill level 18 in Earth Magic
 18913 | Lair:4   | Reached ***** piety under Vehumet
 19173 | Lair:4   | Offered knowledge of Fulminant Prism by Vehumet.
 19580 | Lair:5   | Entered Level 5 of the Lair of Beasts
 19691 | Lair:5   | Found the dreamshard necklace {Acrobat *Dream}
 19698 | Lair:5   | Reached XP level 14. HP: 93/93 MP: 29/29
 20035 | Lair:4   | Learned a level 6 spell: Bombard
 20103 | Lair:4   | Reached skill level 12 in Spellcasting
 20232 | Lair:5   | Reached skill level 1 in Fighting
 20232 | Lair:5   | Reached skill level 1 in Shields
 20621 | Lair:5   | Reached skill level 3 in Fighting
 20621 | Lair:5   | Reached skill level 3 in Shields
 20827 | Lair:5   | Found a corrupted altar of Lugonu.
 20827 | Lair:5   | Found a one-way gate to the infinite horrors of the Abyss.
 20847 | Lair:5   | Identified the +6 plate armour "Dudgheskaoza" {+Blink rF-
                  | Str+6 Slay+5}
 21035 | Lair:5   | Found a staircase to the Slime Pits.
 21082 | Lair:5   | Offered knowledge of Orb of Destruction by Vehumet.
 21480 | Orc:1    | Entered Level 1 of the Orcish Mines
 21480 | Orc:1    | Found Dakaaph's Firing Range.
 21579 | Orc:1    | Reached skill level 1 in Fire Magic
 21629 | Orc:1    | Reached ****** piety under Vehumet
 21638 | Orc:1    | Found Daruufach's Jewellery Shop.
 21647 | Orc:1    | Bought the ring of Voesaudoh {rN+ MP+9 Str+4} for 435 gold
                  | pieces
 21878 | Orc:2    | Entered Level 2 of the Orcish Mines
 21886 | Orc:2    | Noticed an orc warlord
 22049 | Orc:2    | Killed an orc warlord
 22232 | Orc:2    | Found Biminaif's Jewellery Emporium.
 22271 | Orc:2    | Offered knowledge of Conjure Ball Lightning by Vehumet.
 22274 | Orc:2    | Noticed an orc warlord
 22289 | Orc:2    | Killed an orc warlord
 22382 | Orc:2    | Found a staircase to the Elven Halls.
 22464 | Orc:2    | Reached skill level 3 in Fire Magic
 22598 | Orc:2    | Reached skill level 19 in Earth Magic
 22634 | Orc:2    | Reached XP level 15. HP: 112/112 MP: 31/31
 23040 | Orc:2    | Found Quycvarch's General Store.
 23041 | Orc:2    | Found Bued's Jewellery Shop.
 23043 | Orc:2    | Found Petut's Antique Armour Boutique.
 23043 | Orc:2    | Found Teiken's Antique Weapon Boutique.
 23069 | Orc:2    | Bought the +5 plate armour of Guusmapa {rF+ Int+4} for 985
                  | gold pieces
 23069 | Orc:2    | Bought a scroll of identify for 28 gold pieces
 23069 | Orc:2    | Bought a scroll of identify for 28 gold pieces
 23069 | Orc:2    | Bought a phantom mirror for 560 gold pieces
 23565 | D:13     | Learned a level 3 spell: Passwall
 23640 | D:13     | Offered knowledge of Plasma Beam by Vehumet.
 23962 | D:13     | Reached skill level 6 in Fire Magic
 23986 | D:13     | Reached skill level 6 in Shields
 24010 | D:13     | Found a gate to the Vaults.
 24208 | D:14     | Found a white marble altar of Elyvilon.
 24246 | D:14     | Reached skill level 6 in Fighting
 24638 | D:14     | Offered knowledge of Fireball by Vehumet.
 24645 | D:14     | Learned a level 5 spell: Fireball
 24739 | D:14     | Identified the +8 war axe of the Fulmar {freeze, rPois
                  | Will++ Str+3}
 24908 | D:15     | Entered Level 15 of the Dungeon
 24927 | D:15     | Reached skill level 1 in Conjurations
 25601 | D:15     | Reached skill level 20 in Earth Magic
 25601 | D:15     | Reached XP level 16. HP: 124/124 MP: 33/33
 25625 | D:15     | Found a staircase to the Depths.
 25863 | Snake:1  | Entered Level 1 of the Snake Pit
 25955 | Snake:1  | Reached skill level 9 in Fire Magic
 25959 | Snake:1  | HP: 6/126 [shock serpent (10)]
 25960 | Snake:1  | HP: 1/126 [naga ritualist/+0 trident (3)]
 25960 | Snake:1  | Constricted to death by a naga ritualist

Illustrated notes

Levels and vault maps discovered:
D:1:      minmay_arrival_stair_chambers, layout_loops_corners,
          hangedman_decor_growths
D:2:      layout_rooms, uniq_sigmund
D:3:      layout_rooms
D:4:      layout_rooms, mainiacjoe_overflow_cross_hatched,
          mainiacjoe_overflow_concentric_impassable, st_stairs_10,
          minmay_ruined_shrine
D:5:      layout_gridville, kennysheep_generic_room_12, uniq_pikel,
          uniq_grinder, uniq_blork_the_orc
D:6:      layout_basic, mainiacjoe_overflow_24_doors, minmay_temple_entry_hall,
          serial_shops, shop, uniq_crazy_yiuf_cottage, uniq_eustachio,
          uniq_edmund, uniq_menkaure
D:7:      layout_loops_cross, mainiacjoe_ossuary_entry_dusty_tomb,
          kennysheep_generic_room_8
D:8:      layout_rooms, ebering_ghost_inner_flame,
          hangedman_abyss_or_decor_clamps, lightli_corner_chamber
D:9:      layout_roguey, gammafunk_temple_overflow_pools, serial_shops, shop
D:10:     layout_basic, minitemple, kennysheep_orc_monster_closet_entryway,
          enter_trove_1, biasface_ghost_orc_armoury, grunt_ministairs_15,
          kennysheep_generic_room_10, uniq_amaemon
D:11:     layout_roguey [special_room_orc], david_lair_shrubbed, uniq_erolcha,
          uniq_maurice
D:12:     layout_stronghold, nicolae_diode_quadrants, uniq_nessos
D:13:     layout_rooms, david_vaults_5
D:14:     layout_stronghold, serial_park_square2
D:15:     hangedman_depths_entry_try_elsewhere_first, layout_cave_pools,
          minmay_strange_pillars, palyth_stone_intersect
Temple:   nicolae_temple_two_arcs
Lair:1:   layout_small_grid, chequers_serial_rivers_room_b
Lair:2:   layout_cave_pods, mainiacjoe_swamp_entry_angry_trees,
          guppyfry_snake_entry_island, lemuel_fruit_fields, uniq_urug
Lair:3:   layout_chaotic_city, portal_ice_cave_rime,
          chequers_serial_rivers_micro_c
Lair:4:   layout_loops_ring
Lair:5:   hellmonk_lair_end_abyssal_woods, layout_concentric_octagons,
          nicolae_slime_entry_slimehenge, wad_woods_02
Snake:1:  layout_chambers, statue_in_the_mist_lemuel
Orc:1:    layout_caves, serial_shops, shop, nicolae_shop_firing_range
Orc:2:    st_orc_congregation, layout_caves, serial_shops, nicolae_diamond_shop,
          nicolae_orc_lava_room

Skill      XL: |  1  2  3  4  5  6  7  8  9 10 11 12 13 14 15 16 |
---------------+-------------------------------------------------+-----
Spellcasting   | 2 3 4 5 6 7 8 9 11 12 13 | 13.0
Earth Magic    | 4 5 6 8 9 11 13 15 17 18 19 20 | 20.0
Armour         | 1 2 3 4 6 7 9 10 12 14 | 14.0
Fighting       | 4 6 7 |  7.2
Shields        | 4 7 |  7.4
Fire Magic     | 3 8 9 |  9.0
Conjurations   | 2 |  2.8
Dodging        | |  1.3
Stealth        | |  1.4

Action                     |  1- 3 |  4- 6 |  7- 9 | 10-12 | 13-15 | 16-18 || total
---------------------------+-------+-------+-------+-------+-------+-------++-------
  Melee: Unarmed           |     5 |       |       |       |       |       ||     5
         Dagger            |     5 |       |       |       |       |       ||     5
         Whip              |       |     6 |    71 |    10 |       |       ||    87
         Demon whip        |       |       |       |    40 |       |       ||    40
         Staff             |       |       |       |     1 |     3 |       ||     4
   Fire: Sling             |    30 |    54 |    55 |       |       |       ||   139
   Cast: Sandblast         |    61 |    49 |   119 |   149 |   371 |    24 ||   773
         Stone Arrow       |       |     5 |    20 |   120 |    51 |       ||   196
         Lee's Rapid Decon |       |       |     7 |    67 |   150 |     4 ||   228
         Animate Armour    |       |       |       |     5 |    67 |     3 ||    75
         Bombard           |       |       |       |       |    85 |     7 ||    92
         Fireball          |       |       |       |       |     2 |       ||     2
  Evoke: Wand              |       |       |       |     6 |       |       ||     6
    Use: Scroll            |       |     7 |     6 |    15 |     8 |     1 ||    37
         Potion            |       |     2 |     4 |    13 |       |     3 ||    22
 Armour: Robe              |     3 |       |       |       |       |       ||     3
         Scale mail        |    16 |       |       |       |       |       ||    16
         Ring mail         |     4 |    43 |    34 |       |       |       ||    81
         Leather armour    |       |       |    84 |    66 |       |       ||   150
         Troll leather arm |       |       |       |   137 |     8 |       ||   145
         Skin              |       |       |       |     5 |       |       ||     5
         Chain mail        |       |       |       |       |   382 |       ||   382
         Plate armour      |       |       |       |       |    49 |    61 ||   110
  Dodge: Dodged            |    20 |    27 |    76 |   118 |   149 |    16 ||   406
  Block: Buckler           |       |       |       |       |    33 |    11 ||    44

Table legend: (Time is in decaauts)
 A = Elapsed time spent in this place.
 B = Non-inter-level travel time spent in this place.
 C = Inter-level travel time spent in this place.
 D = Time resting spent in this place.
 E = Time spent auto-exploring this place.
 F = Levels seen in this place.
 G = Mean time per level.
                   A        B        C        D        E       F      G
               +--------+--------+--------+--------+--------+-----+--------+
         Total |  26467 |  24987 |   1480 |   4009 |  14852 |  26 | 1018.0 |
       Dungeon |  17199 |  16195 |   1004 |   2826 |   9912 |  15 | 1146.6 |
        Temple |      1 |      0 |      1 |      0 |      0 |   1 |    1.0 |
          Lair |   6757 |   6378 |    379 |    920 |   4102 |   5 | 1351.4 |
     Snake Pit |    112 |    109 |      3 |     18 |      0 |   1 |  112.0 |
  Orcish Mines |   1839 |   1749 |     90 |    153 |    776 |   2 |  919.5 |
       Ossuary |     94 |     94 |      0 |     24 |      3 |   1 |   94.0 |
      Ice Cave |    461 |    461 |      0 |     67 |     58 |   1 |  461.0 |
               +--------+--------+--------+--------+--------+-----+--------+

Top non-repeatable levels by time:
     D:5: 1797 daAuts
    D:11: 1756 daAuts
  Lair:1: 1631 daAuts
  Lair:5: 1620 daAuts
    D:10: 1616 daAuts
    D:12: 1603 daAuts
  Lair:2: 1507 daAuts
   Orc:2: 1305 daAuts
     D:7: 1303 daAuts
     D:1: 1260 daAuts
     D:3: 1228 daAuts
     D:4: 1145 daAuts
  Lair:3: 1041 daAuts
     D:6: 977 daAuts
  Lair:4: 955 daAuts
